 Dungeon Crawl Stone Soup version 0.29.1-12-g30fa7ad0bf (webtiles) character file.

Game seed: 5310952943886072380

2188 sanboga the Grappler (level 9, 0/88 HPs)
             Began as a Troll Berserker on Dec 24, 2022.
             Was a High Priest of Trog.
             Hit by a javelin thrown by a centaur (8 damage)
             ... in a bailey.
             The game lasted 00:05:40 (5148 turns).

sanboga the Grappler (Troll Berserker)              Turns: 5148, Time: 00:05:40

Health: 0/88       AC:  4    Str: 31    XL:     9   Next: 12%
Magic:  8/8        EV: 11    Int:  3    God:    Trog [*****.]
Gold:   307        SH:  0    Dex:  9    Spells: 8/8 levels left

rFire   . . .      SeeInvis .     - Unarmed
rCold   . . .      Faith    .   (no shield)
rNeg    . . .      Spirit   .   a - +0 animal skin
rPois   .          Reflect  .   (helmet restricted)
rElec   .          Harm     .   (no cloak)
rCorr   +          Rampage  .   (gloves unavailable)
Will    .....                   (boots unavailable)
Stlth   +.........              (no amulet)
HPRegen 1.04/turn               d - ring of resist corrosion
MPRegen 0.11/turn               (no ring)

@: no status effects
A: large, unfitting armour, claws 3, regeneration 1, shaggy fur 1, tough skin 1
a: Renounce Religion, Berserk, Trog's Hand, Brothers in Arms


You were in a bailey.
You worshipped Trog.
Trog was extremely pleased with you.
You visited 1 branch of the dungeon, and saw 7 of its levels.
You also visited: Bailey.

You collected 307 gold pieces.

Inventory:

Armour
 a - a +0 animal skin (worn)
Jewellery
 d - a ring of resist corrosion (left claw)
 C - a ring of ice
Wands
 x - a wand of acid (12)
 B - a wand of flame (21)
 D - a wand of mindburst (16)
 E - a wand of roots (12)
Scrolls
 e - 2 scrolls of poison {unknown}
 f - a scroll of summoning {unknown}
 h - 2 scrolls of magic mapping {unknown}
 j - 5 scrolls of fog {unknown}
 k - 2 scrolls of enchant armour {unknown}
 l - a scroll of immolation
 n - 2 scrolls of amnesia {unknown}
 p - a scroll of brand weapon {unknown}
 t - 2 scrolls of vulnerability {unknown}
 y - a scroll of fear {unknown}
 z - a scroll of torment {unknown}
 A - a scroll of noise {unknown}
Potions
 b - a potion of might {unknown}
 c - a potion of flight
 g - 2 potions of heal wounds
 i - a potion of resistance
 o - a potion of invisibility
 q - a potion of haste
 r - a potion of ambrosia {unknown}
 u - 4 potions of curing
 v - 2 potions of mutation {unknown}
 w - 2 potions of brilliance {unknown}


   Skills:
 + Level 5.5 Fighting
 + Level 5.5 Dodging
 * Level 9.2 Unarmed Combat


You had 8 spell levels left.
You didn't know any spells.
Your spell library was empty.

Dungeon Overview and Level Annotations

Branches:
Dungeon (7/15)             Temple (0/1) D:4          Bailey (1/1)

Altars:
Fedhas
Gozag
Hepliaklqana
Nemelex Xobeh
Ru
Trog
Uskayaw
Wu Jian
Yredelemnul
Zin
The Shining One

Shops:
D:3 (


Innate Abilities, Weirdness & Mutations

You are too large for most types of armour.
You have claws for hands.
Your natural rate of healing is unusually fast.
You are covered in fur. (AC +1)
You have tough skin. (AC +1)


Message History

The centaur hits you with a +0 spear!
* * * LOW HITPOINT WARNING * * *
The centaur kicks you.
* * * LOW HITPOINT WARNING * * *
You mangle the centaur!!
You kill the centaur!
Trog accepts your kill.
You feel much better.
The orc warrior hits you from afar with a +0 spear.
The orc warrior misses you. The centaur closely misses you.
Items here: ( ) [ †.
An orc warrior comes into view. It is wielding a +0 glaive.
The orc warrior shouts!
You hear a shout!
The orc warrior barely misses you. The centaur closely misses you.
The centaur hits you from afar with a +0 spear!
The orc warrior hits you from afar with a +0 spear.
The centaur completely misses you.
The orc hits you from afar with a +0 trident!
The centaur hits you from afar with a +0 spear.
* * * LOW HITPOINT WARNING * * *
An orc comes into view. It is wielding a +0 trident.
The orc shouts!
The centaur throws a javelin.
The javelin pierces through you!
* * * LOW HITPOINT WARNING * * *
As you read the scroll labelled YMPUER NESUAWK, it crumbles to dust.
The creatures around you are filled with an inner flame!
It was a scroll of immolation.
The centaur throws a javelin.
The javelin pierces through you!
* * * LOW HITPOINT WARNING * * *
An orc warrior comes into view. It is wielding a +0 trident.
The centaur misses you.
Aiming: Mindburst
Press: ? - help, Shift-Dir - straight line, f - centaur
Aim: a centaur, wielding a +0 spear, wearing a +0 scale mail and quivering javelins (inner flame, chance to affect: 64%)
The centaur's mind is blasted!
Flame seeps out of the centaur.
The orc warrior barely misses you.
The centaur is engulfed in blazing flames.
Flame seeps out of the centaur.
The centaur throws a javelin.
The javelin pierces through you!
You die...

.o≈≈≈≈≈).⌠.≈≈.≈≈≈#
..≈≈≈≈≈.....≈.≈≈≈#
.≈≈~~~≈≈....≈≈.≈≈#
.≈~≈~≈~≈.o...≈)≈≈#
.≈~≈)≈~≈.....≈.≈≈#
.≈~≈)≈~≈..o.o≈.≈≈#
.≈~≈?≈~≈...oc≈.≈≈#
≈...oo≈.≈≈#
≈....≈≈@≈≈#
.....≈.≈≈≈#
..⌠.≈≈.≈≈≈#
....≈o≈≈≈≈#
..≈≈≈.≈≈≈≈#
≈≈≈..≈≈≈≈≈#
≈o.≈≈≈≈≈≈≈#
.≈≈≈≈≈≈≈≈##


You could see 6 orc warriors, a centaur (inner flame) and 2 orcs.

Vanquished Creatures
  The ghost of croobank the Covered, an amateur MiFi (D:4)
  Sigmund (D:2)
  A shadow (D:5)
  An orc warrior (Bailey)
  A sky beast (D:6)
  2 ogres (D:6)
  A black bear (D:5)
  A centaur (Bailey)
  2 scorpions
  A bullfrog (D:6)
  4 wights (D:5)
  7 hounds
  A jelly (D:4)
  2 orc priests (D:6)
  Natasha (thrice) (D:3)
  2 iguanas
  An orc wizard (D:6)
  Robin (D:2)
  8 adders
  4 gnolls (D:2)
  A white imp (D:6)
  An ufetubus (D:5)
  2 worms (D:2)
  A dart slug (D:1)
  24 orcs
  4 endoplasms
  5 giant cockroaches
  21 goblins
  11 hobgoblins
  12 jackals
  6 quokkas
  6 ball pythons
  4 bats
  6 frilled lizards
  7 kobolds
  5 rats
161 creatures vanquished.

Notes
Turn   | Place    | Note
-------+----------+-------------------------------------------
     0 | D:1      | sanboga the Troll Berserker began the quest for the Orb.
     0 | D:1      | Reached XP level 1. HP: 22/22 MP: 0/0
   216 | D:1      | Reached XP level 2. HP: 29/29 MP: 1/1
   791 | D:1      | Found a faded altar of an unknown god.
   897 | D:2      | Reached XP level 3. HP: 36/36 MP: 2/2
   903 | D:2      | Reached skill level 4 in Unarmed Combat
   906 | D:2      | Reached XP level 4. HP: 41/44 MP: 3/3
   958 | D:2      | Noticed Robin
   963 | D:2      | Reached ** piety under Trog
   970 | D:2      | Killed Robin
  1033 | D:2      | Noticed Sigmund
  1043 | D:2      | Killed Sigmund
  1044 | D:2      | Reached skill level 5 in Unarmed Combat
  1044 | D:2      | Reached XP level 5. HP: 39/53 MP: 4/4
  1353 | D:2      | Reached XP level 6. HP: 53/61 MP: 5/5
  2047 | D:3      | Reached *** piety under Trog
  2228 | D:3      | Noticed Natasha
  2232 | D:3      | Killed Natasha
  2386 | D:3      | Found an opulent altar of Gozag.
  2406 | D:3      | Found a hazy altar of Hepliaklqana.
  2558 | D:3      | Noticed Natasha
  2564 | D:3      | Killed Natasha
  2616 | D:3      | Found Niskom's Antique Weapon Emporium.
  2727 | D:3      | Noticed Natasha
  2735 | D:3      | Killed Natasha
  2953 | D:4      | Found a staircase to the Ecumenical Temple.
  3010 | D:4      | Reached skill level 6 in Unarmed Combat
  3013 | D:4      | Noticed croobank's ghost (amateur MiFi)
  3016 | D:4      | Found a runed translucent door.
  3090 | D:4      | Killed croobank's ghost
  3091 | D:4      | Reached XP level 7. HP: 59/70 MP: 6/6
  3451 | D:4      | Reached **** piety under Trog
  3614 | D:5      | Entered Level 5 of the Dungeon
  3694 | D:5      | Found a glowing silver altar of Zin.
  3753 | D:5      | Reached skill level 7 in Unarmed Combat
  3767 | D:5      | Found a basalt altar of Yredelemnul.
  3768 | D:5      | Found a hide-covered altar of Uskayaw.
  3775 | D:5      | Reached XP level 8. HP: 64/78 MP: 7/7
  4016 | D:5      | Reached skill level 8 in Unarmed Combat
  4119 | D:5      | Reached skill level 5 in Fighting
  4119 | D:5      | Reached skill level 5 in Dodging
  4411 | D:6      | Found a blossoming altar of Fedhas.
  4463 | D:6      | Found a sacrificial altar of Ru.
  4466 | D:6      | Found a bloodstained altar of Trog.
  4466 | D:6      | Found a glowing golden altar of the Shining One.
  4473 | D:6      | Found an ornate altar of the Wu Jian Council.
  4731 | D:6      | Found a sparkling altar of Nemelex Xobeh.
  4801 | D:6      | Reached XP level 9. HP: 88/88 MP: 8/8
  4804 | D:6      | Reached skill level 9 in Unarmed Combat
  4953 | D:6      | Reached ***** piety under Trog
  5104 | D:7      | Found a flagged portal.
  5117 | Bailey   | Entered a bailey
  5148 | Bailey   | Hit by a javelin thrown by a centaur

Illustrated notes

Levels and vault maps discovered:
D:1:      co_arrival_square_in_a_square_in_a_square, layout_basic,
          hellmonk_ecumenical_altar_leap_of_faith, kennysheep_decorative_pillar
D:2:      wad_river_or_something, layout_loops_ring, minmay_hexomino_f4,
          uniq_robin, uniq_sigmund
D:3:      layout_basic, minitemple, serial_shops,
          nicolae_shop_competitors_out_of_business, uniq_natasha
D:4:      layout_basic, minmay_temple_entry_wispy,
          hellmonk_ghost_happy_afterlife, reono_crystal_passage
D:5:      layout_basic, nicolae_overflow_hidden_temple,
          gammafunk_temple_overflow_statue
D:6:      layout_loops_cross, nicolae_overflow_hallway_of_the_gods,
          nemelex_spade_bored_becter, kennysheep_generic_room_8
D:7:      layout_loops_corners, bloody_makhleb, enter_bailey_3,
          minmay_misc_feat_tiny
Bailey:   bailey_polearm_flooded_kennysheep, bailey

Skill      XL: |  1  2  3  4  5  6  7  8  9 |
---------------+----------------------------+-----
Unarmed Combat | 4 5 6 7 8 9 |  9.2
Dodging        | 3 4 5 |  5.5
Fighting       | 3 4 5 |  5.5

Action                   |  1- 3 |  4- 6 |  7- 9 || total
-------------------------+-------+-------+-------++-------
Melee: Unarmed           |    63 |   164 |   151 ||   378
       Punch             |     1 |     4 |     4 ||     9
Invok: Berserk           |     2 |     2 |     1 ||     5
Evoke: Wand              |       |       |     1 ||     1
  Use: Scroll            |       |     5 |     9 ||    14
       Potion            |       |       |     1 ||     1
 Stab: Sleeping          |       |       |     1 ||     1
Armor: Animal skin       |    13 |    42 |    28 ||    83
Dodge: Dodged            |    29 |    65 |    79 ||   173
